cohdb
Replays
Latest Replays
All Replays
Popular Replays
Top Player Replays
Match Explorer
How It Works
Community
CoH3 Stats
Reddit
Sign in to upload your games and track your stats! →
Sign in with Steam
Match 47217902
Unlisted
Match 47217902
Overview
Messages
Build Orders
End
Engineer Squad
Construct Barracks
Riflemen Squad
Riflemen Squad
Riflemen Squad
Engineer Squad
Grenade Package
1⁄4-ton 4x4 Truck
Construct Weapon Support Center
M1 Mortar Team
Bazooka Squad
Construct Medical Station
Infantry Support Center
Construct Tank Depot
M4A1 Sherman Medium Tank
M18 Hellcat Tank Destroyer
M4A1 Sherman Medium Tank
Selects Special Operations Battlegroup
Selects M29 Weasel with M1 Pack Howitzer
Selects P-47 Anti-Infantry Loiter
Selects UNKNOWN (2162291)
M29 Weasel with M1 Pack Howitzer
M4A1 Sherman Whizbang
M18 Hellcat Tank Destroyer
P-47 Anti-Infantry Loiter
M18 Hellcat Tank Destroyer
Mr Smiles123
Wesker007
71 argument
骑一师·
Easy Noodles
二郎显圣真君
nebula
ionwood
0
0
Comments
sign in to comment!
No comments posted yet!